[Event "Team 45 45 League T32"]
[Site "Internet Chess Club"]
[Date "2007.02.26"]
[Round "6"]
[White "GolferBob"]
[Black "tammany"]
[Result "1/2-1/2"]
[WhiteElo "1733"]
[BlackElo "1689"]
[ECO "A46"]
[TimeControl "2700+45"]

1. d4 Nf6 2. Nf3 e6 3. Bf4 d5 4. e3 c5 5. c3 Nc6 6. Nbd2 cxd4 7. exd4 Bd6 8. Ne5
O-O 9. Bd3 Qc7 10. Ndf3 Ne7 11. Qe2 Ng6 12. Bg3 Nh5 13. Bxg6 fxg6 14. O-O Bd7
15. Rfe1 Nxg3 16. hxg3 Rae8 17. Nxd7 Qxd7 18. Ne5 Qe7 19. Qe3 Bxe5 20. Qxe5 Qf6
21. Re2 Qxe5 22. Rxe5 Rf5 23. Rae1 Rxe5 24. Rxe5 b5 25. a3 a5 26. f4 Kf7 27. Kf2
b4 28. axb4 axb4 29. Re3 bxc3 30. bxc3 h5 31. Kf3 Kf6 {Game drawn by mutual
agreement} 1/2-1/2

[Event "Team 45 45 League T32"]
[Site "Internet Chess Club"]
[Date "2007.02.24"]
[Round "6"]
[White "DocHoliday"]
[Black "Pawnster"]
[Result "0-1"]
[WhiteElo "1979"]
[BlackElo "2107"]
[ECO "D10"]
[TimeControl "2700+45"]

1. d4 d5 2. c4 c6 3. cxd5 cxd5 4. Nf3 Nc6 5. Bf4 Nf6 6. e3 Qb6 7. b3 Bf5 8. Be2
Nb4 9. Na3 Qa5 10. Nb5 Nd3+ 11. Kf1 Nxf4 12. exf4 a6 13. b4 Qb6 14. Nc3 Qxb4 15.
Nh4 Bd7 16. Qd2 Rc8 17. Ne4 Qxd2 18. Nxd2 e6 19. Nhf3 Bd6 20. g3 O-O 21. Kg2 Rc7
22. Nb3 Ba3 23. Rab1 Rc2 24. Bd3 Rxa2 25. Ra1 Rxa1 26. Rxa1 Bb4 27. Ne5 Rc8 28.
Nxd7 Nxd7 29. Ra4 Bc3 30. f5 g6 31. fxe6 fxe6 32. f4 Kf7 33. Ra2 Bb4 34. Rc2 Rc3
35. Rxc3 Bxc3 36. Kf3 Ke7 37. h4 Kf6 38. h5 b5 39. hxg6 hxg6 40. g4 Nb8 41. g5+
Kf7 42. Ke3 Nc6 43. Bf1 Bb4 44. Bd3 Na7 45. Nc5 Bxc5 46. dxc5 Nc6 47. Kd2 e5 48.
Ke3 e4 49. Bf1 b4 50. Bxa6 b3 51. Bb7 b2 52. Bxc6 Ke6 {White resigns} 0-1

[Event "Team 45 45 League T32"]
[Site "Internet Chess Club"]
[Date "2007.02.25"]
[Round "6"]
[White "Ghostblaster"]
[Black "markgravitygood"]
[Result "0-1"]
[WhiteElo "1634"]
[BlackElo "1788"]
[ECO "D15"]
[TimeControl "2700+45"]

1. d4 d5 2. c4 c6 3. Nc3 Nf6 4. Nf3 a6 5. e3 Bg4 6. Be2 Nbd7 7. O-O dxc4 8. Bxc4
e6 9. h3 Bh5 10. Re1 b5 11. Bd3 Qb6 12. Bd2 c5 13. dxc5 Nxc5 14. Be2 Rd8 15. Nd4
Bxe2 16. Ncxe2 Nd3 17. Rf1 Nxb2 18. Qe1 Nc4 19. Bb4 Bxb4 20. Qxb4 Nd5 21. Qe1
O-O 22. Rc1 e5 23. Nf3 a5 24. Nc3 Nxc3 25. Qxc3 Rd5 26. e4 Rc5 27. Rfd1 Rfc8 28.
Rd5 f6 29. Qe1 Rxd5 30. exd5 Qd6 31. Rd1 Rc5 32. Qe4 Nb6 33. Nh4 Rxd5 34. Rc1
Rd1+ 35. Rxd1 Qxd1+ 36. Kh2 Qd5 37. Qg4 Qc4 38. Nf5 Qxg4 39. hxg4 Nd5 40. Nd6
Nc3 41. a3 b4 42. axb4 axb4 43. Kg3 b3 44. Nc4 Na4 45. Nd2 b2 46. Nb1 Kf7 47.
Kf3 Ke6 48. Ke3 Kd5 49. Kd3 e4+ 50. Kc2 Kd4 51. Nd2 e3 52. fxe3+ Kxe3 {White
resigns} 0-1

[Event "Team 45 45 League T32"]
[Site "Internet Chess Club"]
[Date "2007.02.24"]
[Round "6"]
[White "GrandPoobah069"]
[Black "autobot"]
[Result "1/2-1/2"]
[WhiteElo "1687"]
[BlackElo "1674"]
[ECO "B14"]
[TimeControl "2700+45"]

1. e4 c6 2. d4 d5 3. exd5 cxd5 4. c4 Nf6 5. Nc3 e6 6. Nf3 Be7 7. cxd5 Nxd5 8.
Bd3 O-O 9. O-O Nd7 10. Re1 N7f6 11. Bd2 Re8 12. Rc1 Bf8 13. Bg5 Be7 14. Qb3 a6
15. Bxf6 Nxf6 16. Red1 b5 17. a3 Bb7 18. Be2 Rc8 19. Ne5 Qb6 20. Rd2 Nd5 21.
Rcd1 Nxc3 22. bxc3 Red8 23. c4 b4 24. axb4 Qxb4 25. Qxb4 Bxb4 26. Rb2 a5 27. Nd3
Rxd4 28. Nxb4 Rxd1+ 29. Bxd1 axb4 30. Rxb4 Rd8 31. Be2 Be4 32. f3 Bc6 33. Kf2
Kf8 34. Ke3 h6 {Game drawn by mutual agreement} 1/2-1/2

[Event "Team 45 45 League T32"]
[Site "Internet Chess Club"]
[Date "2007.02.26"]
[Round "6"]
[White "BenjaminSisko"]
[Black "BraafPaard"]
[Result "1-0"]
[WhiteElo "1654"]
[BlackElo "1581"]
[ECO "C67"]
[TimeControl "2700+45"]

1. e4 e5 2. Nf3 Nc6 3. Bb5 Nf6 4. O-O Nxe4 5. Re1 Nd6 6. Nxe5 Nxe5 7. Rxe5+ Be7
8. Bf1 O-O 9. Nc3 Ne8 10. d4 d6 11. Re1 Nf6 12. Bg5 h6 13. Bh4 c6 14. Qe2 Be6
15. Rad1 d5 16. Qf3 Re8 17. h3 Qd7 18. a3 a6 19. Ne2 Ne4 20. Bxe7 Rxe7 21. Ng3
Nxg3 22. Qxg3 Rae8 23. Re3 Bf5 24. Rxe7 Qxe7 25. c3 Qg5 26. Qxg5 hxg5 27. f3 g6
28. Kf2 Kg7 29. Rd2 Kf6 30. a4 a5 31. c4 dxc4 32. Bxc4 Be6 33. b3 Rd8 34. Ke3
Re8 35. Kd3 Kf5 36. Bxe6+ Rxe6 37. Kc4 b6 38. d5 Rd6 39. Rd4 Ke5 40. Re4+ Kf6
41. dxc6 Rxc6+ 42. Kb5 Rc3 43. Kxb6 Rxb3+ 44. Kxa5 Rb2 45. Rg4 Ke6 46. Rxg5 Kd6
47. Ka6 Kc6 48. a5 Rb8 49. Ka7 Rb7+ 50. Ka8 {Black resigns} 1-0

[Event "Team 45 45 League T32"]
[Site "Internet Chess Club"]
[Date "2007.02.25"]
[Round "6"]
[White "LoseOften"]
[Black "A-Ru"]
[Result "0-1"]
[WhiteElo "1773"]
[BlackElo "1939"]
[ECO "C12"]
[TimeControl "2700+45"]

1. e4 e6 2. d4 d5 3. Nc3 Nf6 4. Bg5 Bb4 5. Ne2 h6 6. Bxf6 Qxf6 7. a3 Bxc3+ 8.
Nxc3 c6 9. e5 Qe7 10. Bd3 Bd7 11. b4 b6 12. Rb1 O-O 13. Qg4 f5 14. Qf3 Qh4 15.
Ne2 c5 16. Nf4 Re8 17. b5 Qg4 18. Qxg4 fxg4 19. dxc5 bxc5 20. Be2 Rf8 21. Ng6
Rf7 22. Bxg4 Kh7 23. Nh4 Rf4 24. h3 Re4+ 25. Kd2 h5 26. Nf3 Kg6 27. Nh4+ Kh6 28.
Nf3 g6 29. Bxh5 Kxh5 30. g3 Ra4 31. Rb3 Bc8 32. Rhb1 Nd7 33. Re3 Bb7 34. Nh2 d4
35. Rd3 Nxe5 {White resigns} 0-1

[Event "Team 45 45 League T32"]
[Site "Internet Chess Club"]
[Date "2007.02.25"]
[Round "6"]
[White "hansolo1000"]
[Black "Plattner"]
[Result "1-0"]
[WhiteElo "1784"]
[BlackElo "1828"]
[ECO "E48"]
[TimeControl "2700+45"]

1. d4 Nf6 2. c4 e6 3. Nc3 Bb4 4. e3 O-O 5. Bd3 d5 6. Ne2 dxc4 7. Bxc4 b6 8. O-O
Bb7 9. f3 c5 10. a3 cxd4 11. axb4 dxc3 12. bxc3 Qc7 13. Bd3 Nbd7 14. e4 e5 15.
Qb3 b5 16. Be3 a6 17. c4 bxc4 18. Bxc4 Nb6 19. Rfc1 Nxc4 20. Rxc4 Qd7 21. Rd1
Qe6 22. Bc5 Rfd8 23. Rxd8+ Rxd8 24. Qc2 Rc8 25. Ng3 g6 26. Rc3 h5 27. Ne2 Rd8
28. Rd3 Rd7 29. h3 Bc6 30. Ra3 Bb5 31. Nc3 Qc4 32. Qb1 h4 33. Qe1 g5 34. Qc1 Nh7
35. Ra1 f6 36. Qe1 Rd3 37. Nxb5 Qxb5 38. Qf1 Qd7 39. Qe2 Qb5 40. Qa2+ Kg7 41.
Qxa6 Rd1+ 42. Kh2 Qf1 43. Qxf1 {Black resigns} 1-0

[Event "Team 45 45 League T32"]
[Site "Internet Chess Club"]
[Date "2007.02.24"]
[Round "6"]
[White "shijith"]
[Black "DaveTheRook"]
[Result "1/2-1/2"]
[WhiteElo "1762"]
[BlackElo "1675"]
[ECO "E08"]
[TimeControl "2700+45"]

1. d4 d5 2. c4 e6 3. g3 c6 4. Qc2 Nf6 5. Bg2 Be7 6. Nf3 Nbd7 7. O-O O-O 8. b3
Re8 9. Nbd2 h6 10. Bb2 Rb8 11. Ne5 Qc7 12. e4 Nxe4 13. Nxe4 dxe4 14. Bxe4 Nxe5
15. dxe5 c5 16. Rad1 b6 17. Rd2 Bb7 18. Rfd1 Red8 19. f4 Rxd2 20. Rxd2 Bxe4 21.
Qxe4 Rd8 22. Rxd8+ Qxd8 23. Qe2 Qd7 24. Kf2 Kf8 {Game drawn by mutual agreement}
1/2-1/2

[Event "Team 45 45 League T32"]
[Site "Internet Chess Club"]
[Date "2007.03.01"]
[Round "6"]
[White "kamu"]
[Black "Beancounter"]
[Result "1-0"]
[WhiteElo "1750"]
[BlackElo "1690"]
[ECO "D76"]
[TimeControl "2700+45"]

1. d4 Nf6 2. c4 g6 3. g3 Bg7 4. Bg2 O-O 5. Nf3 d5 6. cxd5 Nxd5 7. O-O Nb6 8. Nc3
Nc6 9. e3 e5 10. d5 Ne7 11. e4 Bg4 12. a4 Qd7 13. a5 Nc4 14. Qa4 Nd6 15. Qxd7
Bxd7 16. a6 bxa6 17. Rxa6 Rfb8 18. Ra2 Nb5 19. Bg5 Kf8 20. Nxb5 Bxb5 21. Rc1 Rb7
22. Be3 Nc8 23. b3 f6 24. Rac2 Bd3 25. Rxc7 Bxe4 {Black resigns} 1-0

[Event "Team 45 45 League T32"]
[Site "Internet Chess Club"]
[Date "2007.02.23"]
[Round "6"]
[White "alastorx"]
[Black "MaunaKeaMike"]
[Result "1-0"]
[WhiteElo "1854"]
[BlackElo "1751"]
[ECO "D01"]
[TimeControl "2700+45"]

1. d4 Nf6 2. Nc3 d5 3. Bg5 Nbd7 4. f3 h6 5. Bxf6 Nxf6 6. e4 e6 7. e5 Nd7 8. f4
c5 9. Nf3 a6 10. Be2 cxd4 11. Nxd4 Bb4 12. O-O Bxc3 13. bxc3 Qc7 14. c4 dxc4 15.
Bf3 Nb6 16. c3 Bd7 17. Rb1 Rb8 18. Be4 Na4 19. Rf3 Nc5 20. Bc2 O-O 21. Rg3 f5
22. Qh5 Kh8 23. Qg6 Be8 24. Nxe6 Bxg6 25. Nxc7 Bh5 26. Nd5 Ne6 27. Rf1 Rf7 28.
Nb6 Rd8 29. Nxc4 Be2 30. Nd6 Rxd6 31. exd6 Bxf1 32. Kxf1 Nxf4 33. Rf3 g5 34. g3
Ne6 35. Bb3 Rf6 36. d7 Nd8 37. Re3 Rf8 38. Re7 Nc6 39. Re8 Kg7 40. Bd5 Nd8 41.
Ke2 b6 42. c4 h5 43. Ke3 Rh8 44. a4 a5 45. Kd4 Rf8 46. Ke5 f4 47. gxf4 gxf4 48.
Bf3 Nf7+ 49. Kd5 h4 50. Kc6 Nd8+ 51. Kc7 Nf7 52. Rxf8 Kxf8 53. d8=Q+ Nxd8 54.
Kxd8 Kf7 55. Kc7 Ke7 56. Kxb6 Kd6 57. c5+ Ke5 58. c6 Kd4 59. c7 Ke3 60. Bh5 f3
61. Bxf3 Kxf3 62. c8=Q {Black resigns} 1-0

[Event "Team 45 45 League T32"]
[Site "Internet Chess Club"]
[Date "2007.02.25"]
[Round "6"]
[White "ERaulli"]
[Black "Egmont"]
[Result "1-0"]
[WhiteElo "1873"]
[BlackElo "1673"]
[ECO "A84"]
[TimeControl "2700+45"]

1. c4 f5 2. d4 Nf6 3. Nf3 g6 4. Nc3 Bg7 5. Qc2 d6 6. Bf4 O-O 7. e4 fxe4 8. Nxe4
Nh5 9. Bg3 Nxg3 10. hxg3 Na6 11. O-O-O Bf5 12. a3 d5 13. cxd5 Qxd5 14. Bc4
{Black resigns} 1-0

[Event "Team 45 45 League T32"]
[Site "Internet Chess Club"]
[Date "2007.02.27"]
[Round "6"]
[White "NFK"]
[Black "bishopb7"]
[Result "1-0"]
[WhiteElo "1757"]
[BlackElo "1617"]
[ECO "C11"]
[TimeControl "2700+45"]

1. e4 e6 2. d4 d5 3. Nc3 Nf6 4. e5 Nfd7 5. Nce2 c5 6. c3 Nc6 7. f4 b6 8. Nf3 Qc7
9. g3 Ba6 10. Bg2 Rc8 11. O-O cxd4 12. cxd4 Nb4 13. Ne1 Nc2 14. Rb1 Bxe2 15.
Qxe2 Nxd4 16. Qd3 Qc4 17. Be3 Qxd3 18. Nxd3 Nf5 19. Bf2 Nc5 20. Rbc1 Kd7 21.
Rfd1 Nxd3 22. Rxc8 Kxc8 23. Rxd3 h5 24. Rc3+ Kd7 25. Bf1 Bb4 26. Bb5+ Kd8 27.
Rc6 d4 28. Ba6 Ne7 29. Rc4 Nd5 30. Rc8+ {Black resigns} 1-0

[Event "Team 45 45 League T32"]
[Site "Internet Chess Club"]
[Date "2007.02.25"]
[Round "6"]
[White "Gil-galad"]
[Black "matein7"]
[Result "1-0"]
[WhiteElo "2122"]
[BlackElo "1916"]
[ECO "D35"]
[TimeControl "2700+45"]

1. d4 Nf6 2. c4 e6 3. Nc3 d5 4. cxd5 exd5 5. Bg5 Be7 6. e3 c6 7. Bd3 Be6 8. Nge2
O-O 9. O-O Nbd7 10. Qc2 h6 11. Bh4 Re8 12. f3 c5 13. Rad1 Rc8 14. dxc5 Bxc5 15.
Bf2 Ne5 16. Bb5 Rf8 17. Nf4 Qb6 18. Rfe1 a6 19. Bf1 Nc4 20. Bxc4 dxc4 21. Na4
Qc6 22. Nxc5 Qxc5 23. Nxe6 fxe6 24. e4 Qc6 25. Qc3 b5 26. Rd2 Nd7 27. Red1 Nc5
28. Rd6 Qc7 29. Qe5 Nd3 30. Qxe6+ Kh8 31. Bd4 Rfe8 32. Qxh6+ Kg8 33. Bxg7 Re7
34. Qh8+ Kf7 35. Rf6# {Black checkmated} 1-0

[Event "Team 45 45 League T32"]
[Site "Internet Chess Club"]
[Date "2007.02.26"]
[Round "6"]
[White "Vael"]
[Black "luar1609"]
[Result "1/2-1/2"]
[WhiteElo "1905"]
[BlackElo "1922"]
[ECO "B26"]
[TimeControl "2700+45"]

1. e4 c5 2. Nc3 d6 3. g3 Nc6 4. Bg2 g6 5. d3 Bg7 6. Be3 e6 7. Qd2 Rb8 8. Nge2
Nd4 9. O-O b5 10. Nd1 b4 11. Nc1 Ne7 12. a3 a5 13. axb4 axb4 14. c3 bxc3 15.
bxc3 Ndc6 16. Bh6 O-O 17. Bxg7 Kxg7 18. Ne3 f5 19. Rd1 d5 20. exd5 exd5 21. Ne2
Be6 22. d4 c4 23. Nf4 Bg8 24. Rdb1 Qd6 25. Ne2 Ra8 26. Qc2 Rxa1 27. Rxa1 Rb8 28.
Rb1 Na5 29. Qa2 Rxb1+ 30. Qxb1 Nb3 31. Qc2 Qa3 32. h4 Kf6 33. Nf4 Qa5 34. Qb2
Bf7 35. Kh2 h6 36. Qc2 Na1 37. Qb2 Nb3 38. Qc2 Na1 39. Qb2 g5 40. Nfxd5+ Nxd5
41. Bxd5 Bxd5 42. Qb6+ Qxb6 43. Nxd5+ Ke6 44. Nxb6 Nb3 45. Nxc4 Nc1 46. hxg5
hxg5 47. Ne3 f4 48. gxf4 gxf4 49. Ng2 Ne2 50. c4 Nxd4 51. Nxf4+ Ke5 52. Kg3 Nf5+
53. Kg4 Nh6+ 54. Kg5 Nf7+ 55. Kg6 Nd6 56. Nd3+ Kd4 57. c5 Nc8 58. f4 Ke4 59. Nb4
Kxf4 60. Nd5+ Ke5 61. Nb6 Nxb6 {Game drawn by mutual agreement} 1/2-1/2

[Event "Team 45 45 League T32"]
[Site "Internet Chess Club"]
[Date "2007.02.25"]
[Round "6"]
[White "Ultrajet"]
[Black "Malcolm"]
[Result "0-1"]
[WhiteElo "1818"]
[BlackElo "1915"]
[ECO "B01"]
[TimeControl "2700+45"]

1. e4 d5 2. exd5 Qxd5 3. Nc3 Qa5 4. d4 Nf6 5. Nf3 c6 6. Bd2 Bf5 7. Bc4 e6 8. O-O
Qc7 9. Re1 Nbd7 10. Bb3 Bd6 11. d5 cxd5 12. Bxd5 Nxd5 13. Nxd5 Qxc2 14. Qxc2
Bxc2 15. Rac1 Ba4 16. Nc7+ Bxc7 17. Rxc7 Bc6 18. Nd4 Bd5 19. Rec1 a6 20. Rc8+
Ke7 21. Bb4+ Kf6 22. R8c7 Rhd8 23. Nf3 Bc6 24. Bc3+ Kg6 25. Ba5 Bxf3 26. gxf3
Ne5 27. Rxb7 Rab8 28. Re7 Rd5 29. b4 Nxf3+ 30. Kg2 Nd2 31. Rcc7 Rg5+ 32. Kh3 Rf5
33. Kg2 Ne4 34. Rc2 Nf6 35. Ra7 Nd5 36. a3 Nf4+ 37. Kg3 Nh5+ 38. Kg2 Nf4+ 39.
Kf1 Rxa5 40. Rc4 Rf5 41. Rxa6 Rd8 42. Rc1 Rd4 43. Rb1 Rfd5 44. f3 Rd1+ 45. Rxd1
Rxd1+ 46. Kf2 Rb1 47. Ra5 Nd3+ 48. Ke3 Nxb4 49. axb4 Rxb4 50. Ra7 Rb2 51. h3
{White resigns} 0-1

[Event "Team 45 45 League T32"]
[Site "Internet Chess Club"]
[Date "2007.02.23"]
[Round "6"]
[White "DeepHmm"]
[Black "jorobo"]
[Result "1-0"]
[WhiteElo "2259"]
[BlackElo "2184"]
[ECO "D32"]
[TimeControl "2700+45"]

1. d4 d5 2. Nf3 e6 3. c4 c5 4. cxd5 exd5 5. Nc3 Nc6 6. Bf4 Nf6 7. e3 c4 8. Be2
Bb4 9. O-O O-O 10. Ne5 Be6 11. Qc2 Rc8 12. Rfc1 a6 13. Bf3 h6 14. h3 b5 15. a4
Na5 16. axb5 axb5 17. Nxb5 Nb3 18. Na7 Nxa1 19. Rxa1 Ra8 20. Nec6 Qd7 21. Ra4
Bd6 22. Be5 Bf5 23. Qd1 Ne4 24. Ra5 f6 25. Rxd5 fxe5 26. dxe5 Rxa7 27. Nxa7 Qxa7
28. exd6 Qd7 29. Qd4 Ng5 30. Be2 Be6 31. Re5 Nf7 32. Re4 Nxd6 33. Re5 Rc8 34.
Bf3 Bf7 35. Bg4 Qc7 36. Bxc8 Nxc8 37. Rc5 {Black resigns} 1-0

[Event "Team 45 45 League T32"]
[Site "Internet Chess Club"]
[Date "2007.02.28"]
[Round "6"]
[White "mala9"]
[Black "achessman"]
[Result "1-0"]
[WhiteElo "2158"]
[BlackElo "2004"]
[ECO "A16"]
[TimeControl "2700+45"]

1. c4 Nf6 2. Nc3 g6 3. g3 Bg7 4. Bg2 O-O 5. d3 d6 6. e3 e5 7. Nge2 Nbd7 8. O-O
c6 9. b4 Ne8 10. b5 Qc7 11. Rb1 Rb8 12. Ba3 f5 13. Qa4 Nb6 14. Qa5 Be6 15. c5
dxc5 16. Bxc5 Rf7 17. Qxa7 Nc8 18. b6 {Black resigns} 1-0

[Event "Team 45 45 League T32"]
[Site "Internet Chess Club"]
[Date "2007.03.04"]
[Round "6"]
[White "Squaredance"]
[Black "PrincessChess"]
[Result "1-0"]
[WhiteElo "2001"]
[BlackElo "1797"]
[ECO "D04"]
[TimeControl "2700+45"]

1. d4 d5 2. Nf3 Nf6 3. e3 Bg4 4. h3 Bh5 5. g4 Bg6 6. Ne5 e6 7. h4 h5 8. Nxg6
fxg6 9. g5 Ne4 10. Bd3 Kf7 11. Qf3+ Nf6 12. gxf6 Qxf6 13. Qxf6+ gxf6 14. Rg1 Rg8
15. Bd2 Be7 16. Nc3 c6 17. O-O-O Nd7 18. Rg2 g5 19. hxg5 fxg5 20. Rdg1 Rg7 21.
f3 Rag8 22. e4 h4 23. Rg4 h3 24. R4g3 Rh8 25. Rh1 h2 26. Rg2 Rgh7 27. exd5 Rh3
28. dxe6+ Kxe6 29. Ne4 Rxf3 30. Bxg5 Rfh3 31. Bf4 Kd5 32. Nf2 Rf3 33. Be4+
{Black resigns} 1-0

[Event "Team 45 45 League T32"]
[Site "Internet Chess Club"]
[Date "2007.02.24"]
[Round "6"]
[White "OrangeKing"]
[Black "tourettes"]
[Result "0-1"]
[WhiteElo "1756"]
[BlackElo "1841"]
[ECO "A05"]
[TimeControl "2700+45"]

1. Nf3 Nf6 2. g3 e6 3. Bg2 d5 4. O-O Be7 5. d3 O-O 6. Nbd2 Nc6 7. e4 dxe4 8.
dxe4 Ng4 9. h3 Nge5 10. Nxe5 Nxe5 11. f4 Nc6 12. e5 Nd4 13. c3 Nf5 14. Ne4 Rb8
15. Qe2 b6 16. Kh2 Bb7 17. Be3 Qc8 18. Rad1 Ba6 19. Qe1 Bxf1 20. Bxf1 Nxe3 21.
Qxe3 Rd8 22. Rxd8+ Qxd8 23. Be2 Qd7 24. h4 Rd8 25. h5 Qd5 26. b3 Bc5 27. Qf3 a5
28. h6 Be7 29. Qg4 g6 30. Bf3 Qd3 31. Ng5 Qf5 32. Ne4 Rd3 33. c4 Qxg4 34. Bxg4
Re3 35. Nf6+ Bxf6 36. exf6 Rc3 37. Bd1 Rc1 38. Bf3 Rc2+ 39. Kh3 Rxa2 40. Bc6 Rb2
41. Ba4 Rb1 42. g4 Rh1+ 43. Kg3 Re1 44. g5 e5 45. Kf2 Re4 46. fxe5 Rxe5 {White
resigns} 0-1